 Dungeon Crawl Stone Soup version 0.30.1 (webtiles) character file.

Game seed: 5166835759679778261

47 shmup the Firebug (level 3, 0/19 HPs)
             Began as a Tengu Fire Elementalist on July 10, 2023.
             Succumbed to an adder's poison
             ... on level 1 of the Dungeon.
             The game lasted 00:04:08 (1049 turns).

shmup the Firebug (Tengu Fire Elementalist)         Turns: 1049, Time: 00:04:09

Health: 0/19       AC:  2    Str:  8    XL:     3   Next: 70%
Magic:  0/7        EV: 12    Int: 17    God:
Gold:   64         SH:  0    Dex: 14    Spells: 3/6 levels left

rFire   . . .        f - +0 short sword
rCold   . . .        (no shield)
rNeg    . . .        a - +0 robe
rPois   .            (helmet restricted)
rElec   .            (no cloak)
rCorr   .            (no gloves)
SInv    +            (boots unavailable)
Will    .....        (no amulet)
Stlth   ++           k - ring of see invisible
HPRegen 0.23/turn    (no ring)
MPRegen 0.10/turn

%: no passive effects
@: lethally poisoned (0 -> -1)
A: beak, talons 3
a: no special abilities


You were on level 1 of the Dungeon.
You visited 1 branch of the dungeon, and saw 2 of its levels.

You collected 64 gold pieces.

Inventory:

Hand Weapons
 f - a +0 short sword (weapon)
Missiles
 c - 10 stones (quivered)
Armour
 a - a +0 robe (worn)
Magical Staves
 g - a staff of fire
Jewellery
 k - a ring of see invisible (left hand)
Scrolls
 e - a scroll of enchant weapon {unknown}
 j - a scroll of teleportation {unknown}
 l - a scroll of identify {unknown}
Potions
 b - a potion of magic
 d - 2 potions of resistance {unknown}
 h - a potion of mutation {unknown}
 i - a potion of heal wounds {unknown}


   Skills:
 + Level 2.6 Dodging
 + Level 2.3 Stealth
 + Level 2.3 Spellcasting
 + Level 2.2 Conjurations
 * Level 4.0 Fire Magic


You had 3 spell levels left.
You knew the following spells:

 Your Spells              Type           Power      Damage    Failure   Level
a - Foxfire               Conj/Fire      48%        2x1d6     5%          1
b - Scorch                Fire           30%        2d6       5%          2

Your spell library contained the following spells:

 Spells                   Type           Power      Damage    Failure   Level
 Inner Flame              Hex/Fire       8%         N/A       24%         3
 Volatile Blastmotes      Fire/Tloc      16%        2d11      24%         3
 Flame Wave               Conj/Fire      12%        2d6       45%         4


Dungeon Overview and Level Annotations

Branches:
Dungeon (2/15)

Altars:


Innate Abilities, Weirdness & Mutations

You have a beak for a mouth.
You have claws for feet.


Message History

The foxfire hits the adder.
The adder is heavily wounded.
The adder bites you.
* * * LOW HITPOINT WARNING * * *
A gnoll comes into view. It is wielding a +0 club.
The gnoll misses you. The adder bites you.
* * * LOW HITPOINT WARNING * * *
The adder attacks as you move away! The adder bites you but does no damage.
The adder bites you.
* * * LOW HITPOINT WARNING * * *
You are poisoned.
The adder poisons you!
* * * LOW HITPOINT WARNING * * *
You feel sick.
You see here a +0 dagger.
* * * LOW HITPOINT WARNING * * *
You feel sick.
There is a stone staircase leading up here.
* * * LOW HITPOINT WARNING * * *
You feel sick. The adder bites you.
* * * LOW HITPOINT WARNING * * *
The adder barely misses you.
You climb upwards.
* * * LOW HITPOINT WARNING * * *
You feel sick.
There is a stone staircase leading down here.
Casting: Foxfire (safe; 5% risk of failure)
Confirm with . or Enter, or press ? or * to list all spells.
Flames lash the adder.
The adder is almost dead.
The adder's fire resistance burns away.
* * * LOW HITPOINT WARNING * * *
You feel sick. The adder closely misses you.
Unknown command.
Unknown command.
Casting: Scorch (safe; 5% risk of failure)
Confirm with . or Enter, or press ? or * to list all spells.
Flames lash the adder.
The adder is burned terribly!
You kill the adder!
You die...

▒.▒▒▒▒▒.▒ ▒.......▒ ▒.▒▒▒▒▒.▒
▒.▒.▒ ▒.▒▒▒▒▒▒▒▒▒ ▒...▒
▒.........▒▒▒ ▒▒▒▒.▒
▒▒▒▒▒▒......▒
.....▒▒▒▒▒▒▒▒......▒
............▒......▒
............+...Q%.▒
............▒......▒▒▒▒▒▒▒▒▒▒
............▒...............▒
.)...........▒▒▒'▒..........▒
.............▒ ▒.▒..........▒
.............▒▒▒+▒..........▒
....▒........▒▒.............▒
....▒........▒▒.....▒▒▒▒▒▒▒▒▒▒
▒▒▒▒▒▒▒▒▒....................▒


There were no monsters in sight!

Vanquished Creatures
  A gnoll (D:2)
  An adder (D:1)
  A dart slug (D:1)
  4 bats (D:1)
  2 endoplasms (D:1)
  2 goblins (D:1)
  2 hobgoblins
  7 jackals (D:1)
  A quokka (D:1)
  4 ball pythons
  A frilled lizard (D:1)
  4 kobolds
  5 rats
35 creatures vanquished.

Vanquished Creatures (others)
  74 foxfires
74 creatures vanquished.

Grand Total: 109 creatures vanquished

Notes
Turn   | Place    | Note
-------+----------+-------------------------------------------
     0 | D:1      | shmup the Tengu Fire Elementalist began the quest for the
                  | Orb.
     0 | D:1      | Reached XP level 1. HP: 10/10 MP: 4/4
   128 | D:1      | Reached XP level 2. HP: 15/15 MP: 1/6
   674 | D:1      | Reached XP level 3. HP: 19/19 MP: 4/7
   750 | D:1      | Learned a level 2 spell: Scorch
  1035 | D:2      | Reached skill level 4 in Fire Magic
  1049 | D:1      | Succumbed to an adder's poison

Illustrated notes

Levels and vault maps discovered:
D:1:      dpeg_arrival_lava_temple_mockup, layout_basic,
          minmay_misc_feat_secret_circle
D:2:      layout_basic, serial_shops, nicolae_shop_stone,
          kennysheep_generic_room_13, uniq_natasha, uniq_crazy_yiuf_cottage,
          uniq_jessica

Skill      XL: |  1  2  3 |
---------------+----------+-----
Conjurations   | 2 |  2.2
Fire Magic     | 4 |  4.0
Dodging        | |  2.6
Stealth        | |  2.3
Spellcasting   | |  2.3

Action                     || total
---------------------------++-------
  Melee: Unarmed           ||    13
         Kick              ||     8
         Peck              ||     5
         Short sword       ||    17
   Cast: Foxfire           ||    40
         Scorch            ||     2
   Stab: Sleeping          ||     1
 Armour: Robe              ||    16
  Dodge: Dodged            ||    66
